 Dungeon Crawl Stone Soup version 0.24.0-125-gc4c63601f3 (webtiles) character file.

Game seed: 6532206587052198148, levelgen mode: deterministic

116 utmost the Poker (level 5, -1/41 HPs)
             Began as a Human Berserker on Feb 27, 2020.
             Was a Believer of Trog.
             Slain by a river rat (10 damage)
             ... in a sewer.
             The game lasted 00:24:06 (2762 turns).

utmost the Poker (Human Berserker)                  Turns: 2762, Time: 00:24:06

Health: -1/41      AC:  2    Str: 18      XL:     5   Next: 20%
Magic:  5/5        EV: 12    Int:  7 (8)  God:    Trog [**....]
Gold:   25         SH:  0    Dex: 12      Spells: 4/4 levels left

rFire    . . .     SeeInvis .   h - -1 trident (curse)
rCold    . . .     Gourm    .   (no shield)
rNeg     . . .     Faith    .   b - +0 animal skin
rPois    .         Spirit   .   (no helmet)
rElec    .         Reflect  .   (no cloak)
rCorr    .         Harm     .   (no gloves)
MR       .....                  (no boots)
Stlth    +.........             (no amulet)
HPRegen  0.13/turn              (no ring)
MPRegen  0.09/turn              (no ring)

@: very slow
A: no striking features
a: Berserk, Trog's Hand, Renounce Religion


You were in a sewer.
You worshipped Trog.
Trog was pleased with you.
You were not hungry.

You visited 1 branch of the dungeon, and saw 3 of its levels.
You also visited: Sewer.

You collected 25 gold pieces.

Inventory:

Hand Weapons
 a - a +1 spear
 e - a +1 short sword of venom
 h - a cursed -1 trident (weapon)
 n - a +0 short sword
Missiles
 f - 162 stones (quivered)
 g - 6 poisoned darts
Armour
 b - a +0 animal skin (worn)
 d - a cursed +0 robe
 k - a +0 leather armour
Scrolls
 m - a scroll of identify
Potions
 i - a potion of berserk rage
 j - 2 potions of heal wounds
Comestibles
 c - 2 rations
 l - 3 chunks of flesh


   Skills:
 + Level 3.5 Fighting
 * Level 4.4 Polearms
 + Level 1.1 Throwing
 + Level 2.1 Armour
 + Level 2.4 Dodging
 + Level 0.5 Stealth


You had 4 spell levels left.
You didn't know any spells.
Your spell library was empty.

Dungeon Overview and Level Annotations

Branches:
Dungeon (3/15)              Sewer (1/1)

Altars:
Hepliaklqana
Xom


Message History

You hit the river rat but do no damage.
The river rat bites you but does no damage.
You completely miss the river rat.
The river rat bites you but does no damage.
You hit the river rat but do no damage. The river rat barely misses you. x2
Your unstable footing causes you to fumble your attack.
The river rat misses you.
Your unstable footing causes you to fumble your attack.
The river rat bites you.
You closely miss the river rat. The river rat bites you!
* * * LOW HITPOINT WARNING * * *
You hit the river rat.
The river rat is moderately wounded.
The river rat misses you.
You see here a stone.
You closely miss the river rat.
The river rat is moderately wounded.
The river rat closely misses you. The river rat bites you!
You die...

################### .
###..≈≈≈≈≈≈.≈≈≈@r≈≈≈#....
##....≈≈#≈≈≈≈≈≈÷#((≈(.....
#....≈≈≈≈≈≈≈≈≈≈#≈≈≈≈≈≈(...
#.....≈≈≈≈≈≈≈≈≈≈≈≈≈≈(≈(...
#....≈≈≈≈≈≈≈≈≈≈≈≈≈≈≈≈≈((.#
.....#≈≈≈≈≈≈≈≈≈≈≈≈≈≈≈#.###
....####################
...## ..##


You could see a river rat.

Vanquished Creatures
  3 adders
  2 river rats (Sewer)
  An ooze (Sewer)
  3 worms (D:2)
  A dart slug (D:1)
  A leopard gecko (D:2)
  A ball python (Sewer)
  4 bats
  2 giant cockroaches
  8 goblins
  5 hobgoblins
  5 frilled lizards
  6 kobolds
  16 rats
58 creatures vanquished.

Notes
Turn   | Place    | Note
-------+----------+-------------------------------------------
     0 | D:1      | utmost the Human Berserker began the quest for the Orb.
     0 | D:1      | Reached XP level 1. HP: 18/18 MP: 1/1
   111 | D:1      | Reached XP level 2. HP: 17/24 MP: 2/2
   706 | D:2      | Reached XP level 3. HP: 21/29 MP: 3/3
  1262 | D:2      | Reached ** piety under Trog
  1332 | D:2      | Reached XP level 4. HP: 33/35 MP: 4/4
  1418 | D:2      | Reached skill level 4 in Polearms
  2049 | D:3      | Found a hazy altar of Hepliaklqana.
  2050 | D:3      | Found a shimmering altar of Xom.
  2050 | D:3      | Noticed a Killer Klown
  2051 | D:3      | Noticed a spectral ugly thing
  2051 | D:3      | Noticed a Killer Klown
  2063 | D:3      | Found a glowing drain.
  2072 | Sewer    | Entered a sewer
  2375 | Sewer    | Reached skill level 1 in Throwing
  2401 | Sewer    | Reached XP level 5. HP: 15/41 MP: 5/5
  2762 | Sewer    | Slain by a river rat

Levels and vault maps discovered:
D:1:      lightli_arrival_farm, layout_rooms
D:2:      layout_basic
D:3:      layout_loops_ring, regret_index_temple_of_mockery,
          grunt_temple_overflow_open, portal_sewer_entry_d,
          minmay_misc_feat_more_columns, kennysheep_pointless_box, hex_large,
          ebering_dispersal_statue_hall
Sewer:    sewer_minmay_w

Skill      XL: |  1  2  3  4 |
---------------+-------------+-----
Polearms       | 4 |  4.4
Throwing       | 1 |  1.1
Fighting       | |  3.5
Armour         | |  2.1
Dodging        | |  2.4
Stealth        | |  0.5

Action                   |  1- 3 |  4- 6 || total
-------------------------+-------+-------++-------
Melee: Spear             |    72 |       ||    72
       Trident           |    39 |   133 ||   172
Throw: Stone             |    52 |    32 ||    84
       Dart              |     5 |       ||     5
  Use: Potion            |     6 |       ||     6
       Scroll            |     5 |       ||     5
  Eat: Chunk             |     2 |     1 ||     3
       Ration            |       |     1 ||     1
Armor: Animal skin       |    11 |    18 ||    29
Dodge: Dodged            |    57 |    77 ||   134
